AoeStats
← Yaqtin

MegaRandom

509198996Analyzed
3v3 RM · 7d ago on Sep 25, 2026· 97m 36s· 6 players
Game mode
Random Map
Map size
Normal (6 player)
Population
200
Speed
Normal
Resources
Standard
Victory
Conquest
Starting age
Dark Age
Ending age
Imperial Age
RankedLock teamsTeams togetherTeam positionsShared explorationLock speedFull tech treeHidden civsTurbo modeCheats
Victory
Defeat
🇪🇬 Britons · Egypt
725
+17
🇸🇪 Aztecs · Sweden
708
+17
🇸🇪 Italians · Sweden
698
+18
🇬🇧 Persians · United Kingdom
765
-19
🇮🇹 Slavs · Italy
762
-18
🇫🇷 Georgians · France
690
-15
CripKilla356
11:30 Feudal Age
19:57 Castle Age
55:25 Double-Bit Axe
61:45 Wheelbarrow
64:16 Crossbowman
64:54 Fletching
66:27 Pikeman
67:08 Squires
66:55 Arson
68:39 Gambesons
71:31 Scale Mail Armor
71:46 Forging
76:40 Caravan
77:32 Chain Mail Armor
90:04 Imperial Age
87:44 Padded Archer Armor
87:40 Bodkin Arrow
88:10 Hand Cart
89:25 Man-at-Arms
90:36 Arbalester
93:38 Elite Jaguar Warrior
95:13 Horse Collar
96:16 Garland Wars
armo345
14:57 Feudal Age
16:05 Horse Collar
19:27 Wheelbarrow
22:07 Castle Age
20:53 Double-Bit Axe
22:14 Man-at-Arms
23:36 Stone Mining
24:27 Pikeman
26:03 Stone Shaft Mining
26:19 Forging
26:33 Bow Saw
27:18 Gold Mining
30:19 Fletching
30:32 Padded Archer Armor
30:37 Heavy Plow
31:16 Squires
31:01 Arson
34:42 Ballistics
35:29 Scale Barding Armor
36:00 Iron Casting
35:26 Scale Mail Armor
35:42 Leather Archer Armor
35:23 Bodkin Arrow
35:45 Husbandry
37:34 Loom
38:06 Hand Cart
37:36 Town Watch
38:50 Chain Barding Armor
38:45 Chain Mail Armor
42:08 Imperial Age
40:34 Long Swordsman
41:34 Bloodlines
41:50 Treadmill Crane
43:32 Conscription
44:16 Two-Handed Swordsman
46:31 Two-Man Saw
46:05 Crop Rotation
46:00 Cavalier
47:55 Bracer
50:04 Chemistry
50:21 Champion
51:28 Silk Road
50:32 Elite Genoese Crossbowman
53:08 Light Cavalry
59:01 Hoardings
59:03 Ring Archer Armor
59:04 Plate Mail Armor
59:34 Blast Furnace
59:10 Plate Barding Armor
64:32 Hussar
88:59 Caravan
Yaqtin
8:46 Loom
12:41 Feudal Age
13:27 Horse Collar
13:36 Double-Bit Axe
15:58 Wheelbarrow
20:17 Castle Age
20:45 Fletching
20:55 Padded Archer Armor
21:35 Bow Saw
21:28 Heavy Plow
22:20 Hand Cart
22:04 Gold Mining
22:07 Stone Mining
23:04 Scale Mail Armor
23:15 Forging
26:38 Pikeman
27:19 Squires
29:11 Town Watch
30:20 Chain Mail Armor
30:01 Bodkin Arrow
30:21 Leather Archer Armor
30:42 Iron Casting
31:11 Yeomen
32:56 Town Patrol
37:15 Imperial Age
35:46 Ballistics
35:08 Treadmill Crane
38:24 Halberdier
39:08 Bracer
39:38 Ring Archer Armor
40:08 Blast Furnace
39:38 Plate Mail Armor
40:47 Two-Man Saw
41:10 Conscription
43:05 Chemistry
42:22 Masonry
44:09 Elite Longbowman
44:53 Warwolf
56:09 Murder Holes
56:45 Architecture
kingofthelosers
11:45 Feudal Age
13:15 Bloodlines
13:04 Horse Collar
14:40 Double-Bit Axe
23:58 Castle Age
28:30 Bow Saw
28:14 Gold Mining
32:08 Husbandry
34:57 Caravan
39:02 Imperial Age
37:11 Wheelbarrow
36:21 Town Watch
36:22 Loom
38:29 Pikeman
39:09 Squires
42:04 Gold Shaft Mining
41:19 Stone Mining
41:54 Conscription
41:34 Kamandaran
42:06 Hand Cart
43:24 Two-Man Saw
42:40 Forging
42:34 Scale Mail Armor
42:47 Heavy Plow
44:53 Scale Barding Armor
45:24 Iron Casting
45:04 Chain Mail Armor
44:40 Fletching
44:50 Padded Archer Armor
44:44 Cavalier
46:09 Town Patrol
45:54 Savar
48:01 Stone Shaft Mining
48:47 Blast Furnace
48:08 Chain Barding Armor
49:01 Capped Ram
51:42 Hoardings
50:41 Siege Ram
55:35 Halberdier
57:23 Elite Skirmisher
58:09 Thumb Ring
64:27 Murder Holes
64:53 Ballistics
68:28 Citadels
76:07 Chemistry
84:49 Plate Barding Armor
84:44 Plate Mail Armor
91:33 Bodkin Arrow
91:38 Padded Archer Armor
92:22 Padded Archer Armor
Xav314
0:30 Loom
0:34 Loom
14:27 Feudal Age
19:51 Castle Age
18:16 Bloodlines
21:32 Fletching
22:12 Husbandry
31:02 Double-Bit Axe
36:05 Imperial Age
35:22 Bow Saw
36:55 Horse Collar
37:55 Wheelbarrow
37:38 Heavy Plow
39:35 Crop Rotation
39:32 Conscription
41:36 Treadmill Crane
42:23 Ballistics
42:27 Gold Mining
42:43 Murder Holes
44:33 Elite Monaspa
46:50 Chemistry
48:21 Hand Cart
58:03 Forging
57:53 Scale Mail Armor
57:59 Scale Barding Armor
57:56 Bodkin Arrow
62:17 Caravan
63:33 Iron Casting
66:18 Chain Barding Armor
65:27 Capped Ram
69:25 Blast Furnace
alvise92
0:32 Loom
12:10 Feudal Age
12:38 Double-Bit Axe
14:03 Bloodlines
13:39 Horse Collar
17:25 Gold Mining
18:53 Man-at-Arms
20:49 Forging
23:17 Scale Mail Armor
29:48 Castle Age
29:26 Wheelbarrow
35:19 Long Swordsman
36:00 Squires
37:10 Iron Casting
38:48 Hand Cart
38:19 Town Watch
39:45 Stone Mining
40:33 Gold Shaft Mining
40:16 Town Patrol
42:26 Bow Saw
44:04 Heavy Plow
45:06 Coinage
45:30 Fortified Wall
45:17 Murder Holes
45:33 Masonry
46:15 Caravan
45:59 Pikeman
47:41 Ballistics
47:41 Chain Mail Armor
47:26 Padded Archer Armor
47:32 Scale Barding Armor
47:18 Fletching
51:39 Imperial Age
51:02 Detinets
51:43 Husbandry
51:04 Light Cavalry
53:18 Onager
55:16 Chemistry
54:22 Siege Engineers
55:23 Two-Man Saw
55:02 Conscription
54:43 Druzhina
58:29 Heavy Scorpion
78:06 Halberdier
78:11 Elite Boyar
82:59 Leather Archer Armor
83:42 Banking
87:06 Plate Mail Armor
87:07 Ring Archer Armor
87:38 Blast Furnace
92:32 Bodkin Arrow
94:43 Hoardings
93:38 Sappers
Connection lost

Rejoining the realm…

Still unreachable

The connection could not be restored.

Session expired

The server has moved on; the page needs a fresh start.